 Dungeon Crawl Stone Soup version 0.16.1-11-g651b585 (webtiles) character file.

40 hulla the Changer (level 3, 0/23 HPs)
             Began as an Octopode Transmuter on Apr 2, 2015.
             Slain by a gnoll
             ... wielding a +0 club
              (5 damage)
             ... on level 3 of the Dungeon.
             The game lasted 00:04:25 (1599 turns).

hulla the Changer (Octopode Transmuter)             Turns: 1599, Time: 00:04:25

Health: 0/23       AC:  1    Str:  9    XL:     3   Next: 50%
Magic:  5/6        EV: 12    Int: 16    God:
Gold:   89         SH:  0    Dex: 12    Spells: 1 memorised, 5 levels left

rFire  . . .     SeeInvis .     g - -1 whip (curse)
rCold  . . .     Clarity  .     (no shield)
rNeg   . . .     SustAb   .     (helmet restricted)
rPois  .         Gourm    .     (no amulet)
rElec  .         Spirit   .     (no ring)
rCorr  .         Warding  .     (no ring)
rMut   .         Stasis   .     (no ring)
MR     .....                    (no ring)
Stlth  ++........               (no ring)
                                (no ring)
                                (no ring)
                                (no ring)

@: appendage, not resistant to hostile enchantments, unstealthy
A: almost no armour, amphibious, 8 rings, constrict 8, tentacle spike 3,
camouflage 1, gelatinous body 1
a: End Transformation


You were on level 3 of the Dungeon.
You were not hungry.
One of your tentacles had a temporary spike.
You visited 1 branch of the dungeon, and saw 3 of its levels.

You collected 89 gold pieces.

Inventory:

Hand weapons
 g - a cursed -1 whip (weapon)
Missiles
 b - 38 arrows
 c - 13 stones (quivered)
 j - 4 curare-tipped needles
Scrolls
 i - a scroll of identify {unknown}
Potions
 k - 2 potions of curing
Books
 d - a book of Changes

   Spells                             Type                      Level
   a - Beastly Appendage              Transmutation                1
   b - Sticks to Snakes               Transmutation                2
   c - Spider Form                    Transmutation/Poison         3
   d - Ice Form                       Ice/Transmutation            4
   e - Blade Hands                    Transmutation                5
Comestibles
 a - a bread ration
 f - a slice of pizza
 h - 3 meat rations
 l - 2 chunks of flesh


   Skills:
 - Level 1.0 Fighting
 - Level 2.0 Dodging
 - Level 3.0 Unarmed Combat
 - Level 2.0 Spellcasting
 + Level 3.8 Transmutations


You had 5 spell levels left.
You knew the following spells:

 Your Spells              Type           Power        Failure   Level  Hunger
a - Beastly Appendage     Trmt           ##....       6%          1    #......


Dungeon Overview and Level Annotations

Branches:
Dungeon (3/15)

Altars:


Innate Abilities, Weirdness & Mutations

You cannot wear most types of armour.
You are amphibious.
You can wear up to eight rings at the same time.
You can use your tentacles to constrict many enemies at once.
Your skin changes colour to match your surroundings (Stealth).
Your rubbery body absorbs attacks (AC +1).
One of your tentacles bears a large vicious spike.


Message History

You release your grip on the gnoll.
The gnoll hits you with a club.
You climb downwards.
There is a stone staircase leading up here.
You hit the gnoll but do no damage. Your grab misses the gnoll.
You pierce the gnoll.
Your squeeze misses the gnoll.
The gnoll is moderately wounded.
The gnoll hits you but does no damage.
Casting: Beastly Appendage
Confirm with . or Enter, or press ? or * to list all spells.
Okay, then.
You hit the gnoll. You grab the gnoll.
The gnoll is heavily wounded.
You constrict the gnoll, but do no damage.
The gnoll hits you with a club!
* * * LOW HITPOINT WARNING * * *
You hit the gnoll.
You pierce the gnoll, but do no damage.
The gnoll is heavily wounded.
You constrict the gnoll, but do no damage.
The gnoll hits you with a club.
You die...

.. .. .
#####.
.. #....
.. ...
.#
##.#.#
#.@g.#
#....###
#...##
####


You could see a gnoll.

Vanquished Creatures
  An adder (D:2)
  An orc (D:2)
  A ball python (D:1)
  8 bats
  5 goblins
  4 hobgoblins
  3 jackals (D:2)
  An ooze (D:2)
  2 giant geckos (D:1)
  2 kobolds
  A rat (D:1)
29 creatures vanquished.

Notes
Turn   | Place    | Note
--------------------------------------------------------------
     0 | D:1      | hulla, the Octopode Transmuter, began the quest for the Orb.
     0 | D:1      | Reached XP level 1. HP: 13/13 MP: 3/3
   104 | D:1      | Reached XP level 2. HP: 8/18 MP: 4/4
   808 | D:2      | Reached XP level 3. HP: 5/23 MP: 6/6
  1599 | D:3      | Slain by a gnoll

Action                   || total
-------------------------++-------
Melee: Unarmed           ||    19
       Whip              ||    52
 Cast: Beastly Appendage ||     6
  Use: Potion            ||     5
       Scroll            ||     1
 Stab: Sleeping          ||     3
  Eat: Chunk             ||     2
